 Dungeon Crawl Stone Soup version 0.27-a0-1202-ge72e49191c (webtiles) character file.

Game seed: 17220532915856903641

24077 polve the Corrupter of Planes (level 12, -11/97 HPs)
             Began as a Demonspawn Abyssal Knight on June 2, 2021.
             Was the Champion of Lugonu.
             Killed from afar by an ice statue (31 damage)
             ... with a bolt of cold
             ... in an ice cave.
             The game lasted 00:21:10 (16206 turns).

polve the Corrupter of Planes (DsAK)               Turns: 16206, Time: 00:21:10

Health: -11/97     AC: 17    Str: 17    XL:     12   Next: 77%
Magic:  19/19      EV:  5    Int: 13    God:    Lugonu [******]
Gold:   1236       SH: 11    Dex: 14    Spells: 11/11 levels left

rFire    . . .     SeeInvis .   a - +9 quick blade (distort)
rCold    . . .     Faith    .   G - +0 kite shield
rNeg     . . .     Spirit   .   d - +0 plate armour
rPois    .         Reflect  .   A - +0 hat
rElec    .         Harm     .   (no cloak)
rCorr    .         Rampage  .   (no gloves)
Will     +....                  w - +0 pair of boots
Stlth    ..........             l - amulet of regeneration
HPRegen  1.26/turn              h - ring of willpower
MPRegen  0.16/turn              j - +4 ring of slaying

@: no status effects
A: claws 1, slimy green scales 2, demonic guardian 2
a: Renounce Religion, Depart the Abyss, Bend Space, Banish, Corrupt, Enter the
Abyss


You were in an ice cave.
You worshipped Lugonu.
Lugonu was exalted by your worship.
You visited 2 branches of the dungeon, and saw 13 of its levels.
You visited the Abyss 1 time.
You also visited: Sewer, Bailey and Ice Cave.

You collected 1236 gold pieces.

Inventory:

Hand Weapons
 a - a +9 quick blade of distortion (weapon)
Missiles
 v - 4 curare-tipped darts
 B - a throwing net
Armour
 d - a +0 plate armour (worn)
 w - a +0 pair of boots (worn)
 A - a +0 hat (worn)
 G - a +0 kite shield (worn)
Jewellery
 h - a ring of willpower (left claw)
 j - a +4 ring of slaying (right claw)
 l - an amulet of regeneration (around neck)
 K - an amulet of magic regeneration
Wands
 b - a wand of acid (9)
 e - a wand of paralysis (17)
 g - a wand of polymorph (4)
 q - a wand of digging (3)
 u - a wand of charming (25)
 x - a wand of iceblast (8)
 E - a wand of flame (14)
 H - a wand of mindburst (9)
Scrolls
 c - 2 scrolls of amnesia
 f - 2 scrolls of immolation
 m - a scroll of fog {unknown}
 o - 6 scrolls of teleportation
 p - 2 scrolls of magic mapping
 r - a scroll of enchant armour {unknown}
 s - a scroll of summoning
 t - 2 scrolls of blinking
 y - 3 scrolls of fear
 C - a scroll of brand weapon {unknown}
 I - a scroll of vulnerability {unknown}
Potions
 i - a potion of attraction {unknown}
 k - 2 potions of haste
 n - 2 potions of brilliance
 z - 2 potions of mutation
 D - 2 potions of curing {unknown}
 F - 2 potions of resistance {unknown}
 J - a potion of flight {unknown}


   Skills:
 - Level 10.0 Fighting
 - Level 8.0 Short Blades
 - Level 8.0 Armour
 - Level 4.0 Dodging
 + Level 9.2 Shields
 - Level 8.0 Unarmed Combat
 - Level 10.0 Invocations


You had 11 spell levels left.
You didn't know any spells.
Your spell library contained the following spells:

 Spells                   Type           Power      Damage    Failure   Level
 Beastly Appendage        Tmut           0%         N/A       100%        1
 Corona                   Hex            0%         N/A       100%        1
 Magic Dart               Conj           0%         1d3       100%        1
 Summon Small Mammal      Summ           0%         N/A       100%        1
 Call Imp                 Summ           0%         N/A       100%        2
 Searing Ray              Conj           0%         3d3       100%        2
 Slow                     Hex            0%         N/A       100%        2
 Wereblood                Tmut           0%         N/A       100%        2
 Call Canine Familiar     Summ           0%         N/A       100%        3
 Dazzling Flash           Conj/Hex       0%         N/A       100%        3
 Ignite Poison            Fire/Tmut/Pois 0%         N/A       100%        3
 Inner Flame              Hex/Fire       0%         N/A       100%        3
 Portal Projectile        Hex/Tloc       0%         N/A       100%        3
 Spider Form              Tmut/Pois      0%         N/A       100%        3
 Summon Guardian Golem    Hex/Summ       0%         N/A       100%        3
 Cause Fear               Hex            0%         N/A       100%        4
 Fulminant Prism          Conj/Hex       0%         3d6       100%        4
 Ice Form                 Ice/Tmut       0%         N/A       100%        4
 Iskenderun's Mystic Bla  Conj/Tloc      0%         2d3       100%        4
 Leda's Liquefaction      Hex/Erth       0%         N/A       100%        4
 Summon Ice Beast         Ice/Summ       0%         N/A       100%        4
 Summon Lightning Spire   Summ/Air       0%         N/A       100%        4
 Fireball                 Conj/Fire      0%         3d3       100%        5
 Hydra Form               Tmut           0%         N/A       100%        5
 Silence                  Hex/Air        0%         N/A       100%        5
 Conjure Ball Lightning   Conj/Air       0%         3x3d6     100%        6
 Starburst                Conj/Fire      0%         8x6d3     100%        6
 Ignition                 Fire           0%         3d3       100%        8
 Tornado                  Air            0%         N/A       100%        9


Dungeon Overview and Level Annotations

Branches:
Dungeon (11/15)            Temple (0/1) D:6            Lair (2/6) D:11
 Spider (0/4) Lair:2          Orc (0/2) D:10          Sewer (visited)
 Bailey (visited)           IceCv (1/1)
  Swamp: Lair:2-4    Shoals: Lair:2-4

Altars:
Cheibriados
Gozag
Hepliaklqana
Kikubaaqudgha
Okawaru
Vehumet
Wu Jian
Xom
Yredelemnul
The Shining One
Beogh

Shops:
D:1 (   D:4 *   D:7 !   D:11 *

Annotations:
D:5 exclusion: 3 doors
D:9 1 runed translucent door, nago's ghost, journeyman DjVM IceCv exclusion: ice statue


Innate Abilities, Weirdness & Mutations

You have sharp fingernails.
You are mostly covered in slimy green scales. (AC +3)
A demonic guardian rushes to your aid.


Message History

Your rust devil hits the ice beast!
The ice beast seems to be corroded for longer.
The ice beast hits your rust devil but does no damage.
Your rust devil hits the ice beast!
The ice beast dies!
Your rust devil disappears in a puff of smoke!
Partly explored, can't reach some places.
Really walk into a travel-excluded area? [Y]es or [N]o only, please.
Really walk into a travel-excluded area? [Y]es or [N]o only, please.
Really walk into a travel-excluded area?
The ice statue gestures at you.
The white ugly thing gurgles horribly!
The ice statue gestures at you. The bolt of cold hits you!
The ice statue gestures at you. The freezing blast engulfs you!!
You are engulfed in freezing vapours.
A demonic guardian appears!
Found a scroll of identify, a potion of might and two scimitars.
You completely miss the ice statue.
You are engulfed in freezing vapours.
You hit the ice statue but do no damage.
Space warps horribly around the ice statue!
The ice statue is lightly damaged.
You are engulfed in freezing vapours.
You hit the ice statue.
Space warps horribly around the ice statue!
The ice statue is moderately damaged.
You are engulfed in freezing vapours.
You puncture the ice statue!
Space bends around the ice statue.
The ice statue is heavily damaged.
You are engulfed in freezing vapours.
* * * LOW HITPOINT WARNING * * *
You hit the ice statue but do no damage.
The ice statue is heavily damaged.
You are engulfed in freezing vapours.
* * * LOW HITPOINT WARNING * * *
The ice statue gestures at you. The bolt of cold hits you!!
You die...

## ############# )!.
##.....#(....## # ....
##......#......### .....
#4......#.......#.
......#°°°....#.......#.
......8@°°..............
.....u#○°°....#.......#.
..... #.......#.......#.
.... ##......#......###
)?. ##.....#(.)..## # ##
#############


You could see an ice statue (ally target), a white ugly thing and a friendly
hellwing (summoned).

Vanquished Creatures
  Josephine (D:10)
  A catoblepas (Lair:2)
  2 two-headed ogres
  4 death yaks (D:11)
  6 elephants (Lair:2)
  2 ice statues (IceCv)
  4 komodo dragons
  An unseen horror (D:11)
  A kobold demonologist (D:11)
  A troll (D:9)
  3 blink frogs (Lair:1)
  Grinder (D:4)
  16 yaks
  2 wraiths (D:10)
  A basilisk (Lair:2)
  A wyvern (D:10)
  A steam dragon (D:9)
  3 water moccasins
  2 black bears
  9 ice beasts
  5 orc warriors
  23 wolves
  An ogre (D:7)
  9 centaurs
  5 kobold brigands
  5 bullfrogs
  7 scorpions
  A water moccasin skeleton (D:4)
  11 killer bees
  7 howler monkeys
  2 centaur zombies
  A gnoll shaman (D:7)
  A hound (D:5)
  5 jellies
  3 orc priests
  5 iguanas
  Ijyb (D:4)
  Terence (D:3)
  10 orc wizards
  A howler monkey zombie (D:10)
  9 gnolls
  19 adders
  A river rat (D:6)
  An adder skeleton (D:4)
  4 worms
  3 dart slugs
  42 orcs
  27 ball pythons
  4 bats (D:2)
  14 endoplasms
  12 giant cockroaches
  14 goblins
  9 hobgoblins
  5 jackals
  15 quokkas
  11 frilled lizards
  19 kobolds
  9 rats
384 creatures vanquished.

Vanquished Creatures (collateral kills)
  A centaur zombie (D:11)
  2 wraiths (D:10)
  2 yaks (Lair:1)
  A steam dragon (D:6)
  5 orc warriors
  A black bear (D:7)
  A centaur (D:7)
  2 gnolls
  An orc (D:7)
  A giant cockroach (Sewer)
  A quokka (Sewer)
  A ball python (Sewer)
  2 frilled lizards (Sewer)
  3 kobolds (D:5)
24 creatures vanquished.

Vanquished Creatures (others)
  13 fungi
  9 plants
  8 toadstools (D:5)
30 creatures vanquished.

Grand Total: 438 creatures vanquished

Notes
Turn   | Place    | Note
-------+----------+-------------------------------------------
     0 | Abyss:1  | polve the Demonspawn Abyssal Knight began the quest for the
                  | Orb.
     0 | Abyss:1  | Reached XP level 1. HP: 18/18 MP: 2/2
    42 | Abyss:1  | Noticed a raiju
    43 | D:1      | Escaped the Abyss
   350 | D:1      | Reached * piety under Lugonu
   550 | D:1      | Gained mutation: You are partially covered in slimy green
                  | scales. (AC +2) [demonic ancestry]
   550 | D:1      | Reached XP level 2. HP: 19/24 MP: 3/3
  1335 | D:1      | Found Kuemn's Weapon Emporium.
  1368 | D:1      | Reached XP level 3. HP: 28/29 MP: 4/4
  1977 | D:2      | Reached ** piety under Lugonu
  2259 | D:2      | Reached XP level 4. HP: 35/35 MP: 5/5
  2259 | D:2      | Found a faded altar of an unknown god.
  2942 | D:3      | Noticed Terence
  2967 | D:3      | Killed Terence
  3353 | D:3      | Gained mutation: A weak demonic guardian rushes to your
                  | aid. [demonic ancestry]
  3353 | D:3      | Reached XP level 5. HP: 42/42 MP: 6/6
  3701 | D:4      | Noticed Grinder
  3865 | D:3      | Reached skill level 5 in Fighting
  3958 | D:4      | Killed Grinder
  3959 | D:4      | Gained mutation: You have sharp fingernails. [demonic
                  | ancestry]
  3959 | D:4      | Reached XP level 6. HP: 27/52 MP: 7/7
  4123 | D:4      | Reached skill level 1 in Dodging
  4152 | D:4      | Found Zoraicuj's Elemental Accessories.
  4316 | D:4      | Noticed Ijyb
  4327 | D:4      | Killed Ijyb
  4406 | D:4      | Reached XP level 7. HP: 58/58 MP: 8/8
  4651 | D:4      | Reached *** piety under Lugonu
  4821 | D:4      | Found an opulent altar of Gozag.
  4882 | D:5      | Entered Level 5 of the Dungeon
  5405 | D:5      | Noticed a slime creature
  5405 | D:5      | Noticed a slime creature
  5669 | D:5      | Reached skill level 1 in Unarmed Combat
  5867 | D:5      | Gained mutation: You are mostly covered in slimy green
                  | scales. (AC +3) [demonic ancestry]
  5867 | D:5      | Reached XP level 8. HP: 32/64 MP: 9/9
  6121 | D:5      | Found a runed translucent door.
  8029 | D:4      | HP: 1/64 [orc warrior/+0 war axe (15)]
  9136 | D:4      | Found Zoraicuj's Elemental Accessories.
  9155 | D:4      | Reached skill level 5 in Unarmed Combat
  9303 | D:4      | Found an opulent altar of Gozag.
  9664 | D:6      | Reached **** piety under Lugonu
  9818 | D:6      | Found a staircase to the Ecumenical Temple.
 10085 | D:6      | Gained mutation: A demonic guardian rushes to your aid.
                  | [demonic ancestry]
 10085 | D:6      | Reached XP level 9. HP: 69/69 MP: 10/10
 10106 | D:6      | Found a glowing drain.
 10113 | Sewer    | Entered a sewer
 10322 | Sewer    | Reached ***** piety under Lugonu
 10922 | D:7      | Identified 3 scrolls of acquirement
 11125 | D:7      | Found a basalt altar of Yredelemnul.
 11129 | D:7      | Reached skill level 5 in Invocations
 11458 | D:7      | Found Tihujiaf's Distillery.
 12356 | D:8      | Acquired 417 gold pieces
 12357 | D:8      | Acquired a +6 quick blade
 12358 | D:8      | Acquired a +4 ring of slaying
 12641 | D:9      | Noticed a troll
 12654 | D:9      | Killed a troll
 12685 | D:9      | Found a radiant altar of Vehumet.
 12693 | D:9      | Found a hazy altar of Hepliaklqana.
 12694 | D:9      | Found a snail-covered altar of Cheibriados.
 12695 | D:9      | Found an ancient bone altar of Kikubaaqudgha.
 12696 | D:9      | Found an ornate altar of the Wu Jian Council.
 12858 | D:9      | Reached XP level 10. HP: 62/76 MP: 16/16
 12922 | D:9      | Found a runed translucent door.
 12922 | D:9      | Found a shimmering altar of Xom.
 12922 | D:9      | Noticed nago's ghost (journeyman DjVM)
 12923 | D:9      | Noticed a +2 scimitar of chaos
 13007 | D:9      | Found an iron altar of Okawaru.
 13062 | D:9      | Reached skill level 5 in Short Blades
 13262 | D:10     | Entered Level 10 of the Dungeon
 13274 | D:10     | Noticed Josephine
 13308 | D:10     | Killed Josephine
 13309 | D:10     | Reached skill level 10 in Invocations
 13368 | D:10     | Found a flagged portal.
 13380 | Bailey   | Entered a bailey
 13388 | Bailey   | Noticed an orc knight
 13607 | D:10     | Reached ****** piety under Lugonu
 13710 | D:10     | Identified a +9 quick blade of distortion (a +9 quick blade
                  | corrupted by Lugonu)
 13710 | D:10     | Received a gift from Lugonu
 13732 | D:10     | Found a staircase to the Orcish Mines.
 13790 | D:10     | Noticed a two-headed ogre
 13794 | D:10     | Killed a two-headed ogre
 14162 | D:11     | Noticed a two-headed ogre
 14170 | D:11     | Killed a two-headed ogre
 14171 | D:11     | Reached skill level 5 in Armour
 14171 | D:11     | Reached XP level 11. HP: 78/84 MP: 18/18
 14274 | D:11     | Noticed a death yak
 14429 | D:11     | Noticed a death yak
 14432 | D:11     | Noticed a death yak
 14432 | D:11     | Noticed a death yak
 14446 | D:11     | Killed a death yak
 14458 | D:11     | Killed a death yak
 14476 | D:11     | Killed a death yak
 14482 | D:11     | Killed a death yak
 14565 | D:11     | Found a staircase to the Lair.
 14647 | D:11     | Found Nias's General Store.
 14800 | Lair:1   | Entered Level 1 of the Lair of Beasts
 15000 | Lair:1   | Reached skill level 10 in Fighting
 15009 | Lair:1   | Reached skill level 1 in Shields
 15070 | Lair:1   | Reached XP level 12. HP: 88/97 MP: 19/19
 15600 | Lair:2   | Reached skill level 5 in Shields
 15683 | Lair:2   | Found a hole to the Spider Nest.
 15887 | Lair:2   | Noticed a catoblepas
 15905 | Lair:2   | Killed a catoblepas
 15971 | Lair:2   | Found a frozen archway.
 15999 | IceCv    | Entered an ice cave
 16206 | IceCv    | Killed from afar by an ice statue

Illustrated notes

Levels and vault maps discovered:
D:1:      minmay_arrival_plants_in_alcoves, layout_loops_corners, serial_shops,
          nicolae_shop_behind_doors
D:2:      layout_basic, chequers_ecumenical_altar_simple_redux,
          kennysheep_generic_room_3
D:3:      minmay_inner_zag, layout_loops_ring, uniq_terence
D:4:      layout_rooms, kennysheep_mini, hangedman_abyss_or_decor_stagger,
          nicolae_elemental_shop, minmay_snake_closets, uniq_ijyb, uniq_grinder
D:5:      cheibrodos_fertilizer, layout_cave_pools, lightli_church_of_beogh
D:6:      layout_cave_pods, minmay_temple_entry_sparse_star,
          lightli_sewer_entry_pipes, kennysheep_decorative_pillar
D:7:      layout_basic, nicolae_overflow_crystal_walls, serial_shops,
          nicolae_shop_trees, corexii_item_surrounded_by_moat
D:8:      layout_cave_pools, chequers_garden, nicolae_sextant
D:9:      layout_gridville, minitemple, kennysheep_little_box, ebering_ghost_xom
D:10:     layout_roguey, tso_metal_star, orc_0_dummy, enter_bailey_3,
          hangedman_abyss_or_decor_slice, uniq_josephine
D:11:     layout_cave_pools, dpeg_lair_monsters, serial_shops,
          kennysheep_mini_moat
Lair:1:   layout_long_grid
Lair:2:   layout_cave_pods, nicolae_spider_entry_non_spiders,
          portal_ice_cave_entry_ice_beasts, beast_lair_carwin_1
IceCv:    ice_cave_statue_garden_chambered

Skill      XL: |  1  2  3  4  5  6  7  8  9 10 11 12 |
---------------+-------------------------------------+-----
Short Blades   | 2 3 4 8 |  8.0
Fighting       | 4 6 7 10 | 10.0
Armour         | 2 3 4 5 8 |  8.0
Dodging        | 1 4 |  4.0
Unarmed Combat | 2 6 8 |  8.0
Invocations    | 9 10 | 10.0
Shields        | 2 9 |  9.2

Action                   |  1- 3 |  4- 6 |  7- 9 | 10-12 || total
-------------------------+-------+-------+-------+-------++-------
Melee: Short sword       |   118 |       |       |       ||   118
       Morningstar       |    48 |   142 |   164 |       ||   354
       Unarmed           |       |       |   650 |       ||   650
       Punch             |       |       |    15 |    11 ||    26
       Quick blade       |       |       |    26 |   610 ||   636
Invok: Depart the Abyss  |     1 |       |       |       ||     1
       Bend Space        |       |       |     7 |     2 ||     9
       Banish            |       |       |     1 |       ||     1
       Brand Weapon With |       |       |       |     1 ||     1
  Use: Potion            |       |       |     5 |       ||     5
       Scroll            |       |       |    17 |       ||    17
 Stab: Sleeping          |     4 |       |       |       ||     4
       Distracted        |       |       |     1 |     1 ||     2
Armor: Leather armour    |    67 |    17 |       |       ||    84
       Scale mail        |       |    94 |   210 |       ||   304
       Plate armour      |       |       |   424 |   221 ||   645
Dodge: Dodged            |   107 |   109 |   345 |    95 ||   656
Block: Kite shield       |       |       |       |    68 ||    68

Table legend: (Time is in decaauts)
 A = Elapsed time spent in this place.
 B = Non-inter-level travel time spent in this place.
 C = Inter-level travel time spent in this place.
 D = Time resting spent in this place.
 E = Time spent auto-exploring this place.
 F = Levels seen in this place.
 G = Mean time per level.
                   A        B        C        D        E       F      G
               +--------+--------+--------+--------+--------+-----+--------+
         Total |  16006 |  15516 |    490 |      0 |  12307 |  17 |  941.5 |
       Dungeon |  14381 |  13921 |    460 |      0 |  11386 |  11 | 1307.4 |
          Lair |   1022 |    993 |     29 |      0 |    713 |   2 |  511.0 |
         Abyss |     43 |     43 |      0 |      0 |     42 |   1 |   43.0 |
         Sewer |    378 |    378 |      0 |      0 |    123 |   1 |  378.0 |
        Bailey |     14 |     14 |      0 |      0 |      0 |   1 |   14.0 |
      Ice Cave |    167 |    167 |      0 |      0 |     42 |   1 |  167.0 |
               +--------+--------+--------+--------+--------+-----+--------+

Top non-repeatable levels by time:
     D:5: 2644 daAuts
     D:4: 2525 daAuts
     D:3: 1970 daAuts
     D:1: 1494 daAuts
     D:7: 1053 daAuts
     D:2: 990 daAuts
     D:6: 941 daAuts
    D:10: 812 daAuts
     D:8: 766 daAuts
  Lair:1: 688 daAuts
     D:9: 603 daAuts
    D:11: 577 daAuts
   Sewer: 378 daAuts
  Lair:2: 333 daAuts
   IceCv: 167 daAuts
